 Dungeon Crawl Stone Soup version 0.32-a0-685-g93135e86f0 (webtiles) character file.

Game seed: 10049319387103586550

107 cforsyth the Chopper (level 4, -5/40 HPs)
             Began as a Mountain Dwarf Cinder Acolyte on Mar 12, 2024.
             Was a High Priest of Ignis.
             Killed by divine providence
             ... invoked by an orc priest
              (10 damage)
             ... on level 3 of the Dungeon.
             The game lasted 00:03:28 (3394 turns).

cforsyth the Chopper (MDCA)                         Turns: 3394, Time: 00:03:29

Health: -5/40      AC:  2    Str: 16    XL:     4   Next: 57%
Magic:  2/6        EV: 11    Int: 17    God:    Ignis [*****.]
Gold:   100        SH:  0    Dex:  5    Spells: 4/6 levels left

rFire   + . .        a - -1 hand axe (flame)
rCold   . . .        (no shield)
rNeg    . . .        b - +0 robe
rPois   +            (no helmet)
rElec   .            (no cloak)
rCorr   .            (no gloves)
SInv    .            (no boots)
Will    .....        (no amulet)
Stlth   +            P - ring of poison resistance
HPRegen 0.26/turn    (no ring)
MPRegen 0.10/turn

%: no passive effects
@: hasted, very quick
A: runic magic, artefact enchanting
a: Renounce Religion, Fiery Armour, Foxfire Swarm, Rising Flame


You were on level 3 of the Dungeon.
You worshipped Ignis.
Ignis was extremely pleased with you.
You visited 1 branch of the dungeon, and saw 3 of its levels.

You collected 100 gold pieces.


Innate Abilities, Weirdness & Mutations

Your spellcasting is much less encumbered by armour.
You can use scrolls of enchantment on lesser artefacts.


   Skills:
 + Level 3.9 Fighting
 + Level 4.3 Axes
 + Level 1.9 Armour
 + Level 1.7 Spellcasting
 + Level 4.3 Fire Magic


You had 4 spell levels left.
You knew the following spells:

 Your Spells              Type           Power      Damage    Failure   Level
X - Scorch                Fire           32%        2d6       4%          2

Your spell library contained the following spells:

 Spells                   Type           Power      Damage    Failure   Level
 Mercury Vapours          Alch/Air       2%         N/A       30%         2
 Mephitic Cloud           Conj/Alch/Air  1%         N/A       52%         3
 Vhi's Electric Charge    Tloc/Air       2%         N/A       89%         4
 Arcjolt                  Conj/Air       0%         1d10      99%         5
 Freezing Cloud           Conj/Ice/Air   0%         6-21      99%         5
 Maxwell's Capacitive Co  Air            0%         ∞         100%        8

Inventory:

Hand Weapons
 a - a -1 hand axe of flaming (weapon)
Missiles
 k - 2 throwing nets {=f}
Armour
 b - a +0 robe (worn)
Jewellery
 P - a ring of poison resistance (left hand)
Scrolls
 d - 2 scrolls of teleportation {unknown}
 h - a scroll of vulnerability {unknown}
 i - 2 scrolls of identify {unknown}
 j - a scroll of immolation {unknown}
Potions
 c - a potion of enlightenment {unknown}
 e - a potion of heal wounds {unknown}
 f - a potion of haste {@q3}
 g - a potion of magic {unknown}

Dungeon Overview and Level Annotations

Branches:
Dungeon (3/15)

Altars:
Trog

....# #.########.....##....P# .
....# #.########...####....#.##
....# #........#.#.# #...#.#..
....# #........#.#+#####.#.#.##
....# ##.......#.........#.#.#.
'####### #.......#.........#.#.#⚑
.......# #.................#.#.#.
.......###.................#.#.##
................@.S.o.......#.#.)
......................o......#.##
..)..)........................#..
...............................##
...##########....................
...# #######...................#
...# #.........................#
.### #.........................#
.######..........####......[....#


You could see an orc priest, an orc and a ball python.


Message History

An orc comes into view. It is wielding a +0 whip.
The orc priest calls down the wrath of Beogh upon you.
Beogh smites you!
The orc is caught in a web!
The orc pulls away from the web.
The orc priest looks braver for a moment.
The orc priest calls down the wrath of Beogh upon you.
Beogh smites you!
* * * LOW HITPOINT WARNING * * *
You are too injured to fight recklessly!
The orc priest invokes the aid of Beogh against you.
Beogh smites you!
* * * LOW HITPOINT WARNING * * *
The ball python attacks as it pursues you!
The ball python barely misses you. The ball python barely misses you.
The ball python misses you.
Unknown command.
It was a potion of haste.
You feel yourself speed up.
The ball python bites you but does no damage.
The ball python grabs you. The ball python constricts you.
Unknown command.
Okay, then.
The ball python's grasp on you weakens, but your attempt to escape fails.
The ball python bites you but does no damage.
The ball python constricts you.
You escape the ball python's grasp.
The orc priest calls down the wrath of Beogh upon you.
Beogh smites you!
You die...
Ignis goes out, and joins you in death.

Skill      XL: |  1  2 |
---------------+-------+-----
Armour         | 1 |  1.9
Axes           | 4 |  4.3
Fire Magic     | 4 |  4.3
Fighting       | |  3.9
Spellcasting   | |  1.7

Action                     |  1- 3 |  4- 6 || total
---------------------------+-------+-------++-------
  Melee: Hand axe          |    94 |    26 ||   120
   Cast: Scorch            |    20 |    20 ||    40
    Use: Potion            |       |     1 ||     1
 Armour: Robe              |    55 |    28 ||    83
  Dodge: Dodged            |    48 |    18 ||    66

Levels and vault maps discovered:
D:1:      zaba_arrival_water, layout_loops_corners, nicolae_eternal_life
D:2:      layout_loops_ring
D:3:      layout_basic, trog_hazing_becter, shapermc_ecumenical_altar_rom_forum,
          nicolae_wormholes

Notes
Turn   | Place    | Note
-------+----------+-------------------------------------------
     0 | D:1      | cforsyth the Mountain Dwarf Cinder Acolyte began the quest
                  | for the Orb.
     0 | D:1      | Reached XP level 1. HP: 19/19 MP: 2/2
   108 | D:1      | Reached XP level 2. HP: 17/26 MP: 3/3
   838 | D:1      | Reached skill level 1 in Armour
  1185 | D:2      | Reached skill level 4 in Axes
  1185 | D:2      | Reached skill level 4 in Fire Magic
  1185 | D:2      | Reached XP level 3. HP: 11/31 MP: 3/5
  1305 | D:2      | Learned a level 2 spell: Scorch
  2532 | D:3      | Reached XP level 4. HP: 31/40 MP: 1/6
  2551 | D:3      | HP: 3/40 [ribbon worm (6)]
  3005 | D:3      | Found a bloodstained altar of Trog.
  3362 | D:3      | Found a faded altar of an unknown god.
  3388 | D:3      | HP: 3/40 [orc priest/divine providence (12)]
  3394 | D:3      | Killed from afar by an orc priest

Vanquished Creatures
  3 adders
  A dart slug (D:2)
  5 ribbon worms
  2 orcs (D:3)
  6 endoplasms
  5 giant cockroaches
  4 goblins
  10 hobgoblins
  7 kobolds
  6 ball pythons
  5 bats
  6 frilled lizards
  2 rats
62 creatures vanquished.

Table legend: (Time is in decaauts)
 A = Elapsed time spent in this place.
 B = Non-inter-level travel time spent in this place.
 C = Inter-level travel time spent in this place.
 D = Time resting spent in this place.
 E = Time spent auto-exploring this place.
 F = Levels seen in this place.
 G = Mean time per level.
                   A        B        C        D        E       F      G
               +--------+--------+--------+--------+--------+-----+--------+
         Total |   3414 |   3353 |     61 |    143 |   2709 |   3 | 1138.0 |
       Dungeon |   3414 |   3353 |     61 |    143 |   2709 |   3 | 1138.0 |
               +--------+--------+--------+--------+--------+-----+--------+

Top non-repeatable levels by time:
     D:2: 1279 daAuts
     D:1: 1167 daAuts
     D:3: 968 daAuts

Table legend:
 A = Non-vault XP
 B = Vault XP
 C = Vault XP percentage of total XP
 D = Non-vault monster count
 E = Vault monster count
 F = Vault count percentage of total count
                 A         B        C        D         E       F
            +---------+---------+-------+---------+---------+-------
      Total |     126 |      28 |  18.2 |      52 |      10 |  16.1
            +---------+---------+-------+---------+---------+-------
        D:1 |      31 |       0 |   0.0 |      20 |       0 |   0.0
        D:2 |      58 |       0 |   0.0 |      18 |       0 |   0.0
        D:3 |      37 |      28 |  43.1 |      14 |      10 |  41.7
            +---------+---------+-------+---------+---------+-------
